 Dungeon Sprint DCSS version 0.30-a0-728-gc68057be0a (webtiles) character file.

Game seed: 809163237191488939

1892 rocky1 the Cleaver (level 9, -12/98 HPs)
             Began as an Ogre Gladiator on Feb 1, 2023.
             Was an Initiate of Gozag.
             Mangled by an earth elemental (36 damage)
             ... in the Dungeon (Sprint III: "The Ten Rune Challenge").
             The game lasted 00:05:15 (2143 turns).

rocky1 the Cleaver (Ogre Gladiator)                 Turns: 2143, Time: 00:05:15

Health: -12/98     AC:  4    Str: 24    XL:     9   Next: 15%
Magic:  9/9        EV: 12    Int:  9    God:    Gozag
Gold:   672        SH:  0    Dex: 10    Spells: 6/8 levels left

rFire   . . .      SeeInvis .    a - +0 war axe
rCold   . . .      Faith    .    (no shield)
rNeg    . . .      Spirit   .    b - +0 robe
rPois   .          Reflect  .    c - +0 hat
rElec   .          Harm     .    q - +0 cloak
rCorr   .          Rampage  .    (gloves unavailable)
Will    .....      NoTele   +    (boots unavailable)
Stlth   ++                       (no amulet)
HPRegen 0.36/turn                (no ring)
MPRegen 0.11/turn                (no ring)

@: no status effects
A: large, unfitting armour, tough skin 1
a: Renounce Religion, Potion Petition, Call Merchant, Bribe Branch


You were in the Dungeon.
You worshipped Gozag.
Gozag was pleased with you.
You visited 1 branch You collected 672 gold pieces.

Inventory:

Hand Weapons
 a - a +0 war axe (weapon)
Missiles
 e - a large rock (quivered)
Armour
 b - a +0 robe (worn)
 c - a +0 hat (worn)
 q - a +0 cloak (worn)
Wands
 s - a wand of charming (8)
Potions
 d - 2 potions of mutation
 f - a potion of curing
 h - 2 potions of haste
 i - 2 potions of magic
 o - a potion of attraction
 p - 3 potions of flight
Miscellaneous
 r - a tin of tremorstones (2/2)


   Skills:
 + Level 9.0 Fighting
 * Level 14.6 Axes
 - Level 4.4 Throwing
 - Level 7.3 Dodging
 - Level 2.6 Stealth
 + Level 6.9 Evocations


You had 6 spell levels left.
You knew the following spells:

 Your Spells              Type           Power      Damage    Failure   Level
a - Blink                 Tloc           0%         N/A       52%         2

Your spell library contained the following spells:

 Spells                   Type           Power      Damage    Failure   Level
 Lesser Beckoning         Tloc           0%         N/A       52%         2
 Momentum Strike          Conj/Tloc      0%         3d8       52%         2
 Passage of Golubria      Tloc           0%         N/A       99%         4
 Silence                  Hex/Air        0%         N/A       100%        5
 Lehudib's Crystal Spear  Conj/Erth      0%         10d2      100%        8


Dungeon Overview and Level Annotations

Branches:
Dungeon (1/1)

Altars:
Cheibriados
Dithmenos
Elyvilon
Fedhas
Gozag
Hepliaklqana
Kikubaaqudgha
Makhleb
Nemelex Xobeh
Okawaru
Qazlal
Ru
Sif Muna
Trog
Uskayaw
Vehumet
Wu Jian
Xom
Yredelemnul
Zin
The Shining One
Jiyva
Lugonu


Innate Abilities, Weirdness & Mutations

You are too large for most types of armour.
You have tough skin. (AC +1)


Message History

You barely miss the earth elemental.
The earth elemental is lightly damaged.
You hit the earth elemental but do no damage.
The earth elemental is lightly damaged.
The earth elemental hits you!!
* * * LOW HITPOINT WARNING * * *
You hit the earth elemental but do no damage.
The earth elemental is lightly damaged.
You hit the earth elemental but do no damage.
The earth elemental is lightly damaged.
The earth elemental closely misses you.
You slash the earth elemental!
The earth elemental is moderately damaged.
You feel much better.
The earth elemental completely misses you.
You barely miss the earth elemental.
The earth elemental is moderately damaged.
You hit the earth elemental but do no damage.
The earth elemental is moderately damaged.
The earth elemental misses you.
You hit the earth elemental but do no damage.
The earth elemental is moderately damaged.
You barely miss the earth elemental.
The earth elemental is moderately damaged.
The earth elemental barely misses you.
You hit the earth elemental but do no damage.
The earth elemental is moderately damaged.
You hit the earth elemental but do no damage.
The earth elemental is moderately damaged.
The earth elemental hits you!!
* * * LOW HITPOINT WARNING * * *
You barely miss the earth elemental.
The earth elemental is moderately damaged.
You barely miss the earth elemental.
The earth elemental is moderately damaged.
You hit the earth elemental.
The earth elemental is moderately damaged.
The earth elemental hits you!!!
You die...
Your body crumbles into a pile of gold. __#___#__# $ ..#__.#)_#$ $ #'#'###'## $ $ .).......#$ $ ⌠........#$ $$ $ ..######'# $$$$

$
⌠.#__#...#+#######
..#__#...#.§§~~'.#
###__#...#.#§§§#@#
).#__#...'.#.§§#E#
__#__'...#.#.§.#..
▓▓▓▓▓▓▓▓▓▓▓▓▓▓▓▓▓▓▓


You could see an earth elemental.

Vanquished Creatures
  Erica (D)
  A deep elf pyromancer (D)
  A shadow (D)
  A spatial vortex (D)
  A necrophage (D)
  A water elemental (D)
  A jelly (D)
  Jessica (D)
  Crazy Yiuf (D)
  A wizard (D)
  A necromancer (D)
  3 humans (D)
  A kobold demonologist (D)
  An endoplasm (D)
  2 rats (D)
18 creatures vanquished.

Notes
Turn   | Place    | Note
-------+----------+-------------------------------------------
     0 | D        | rocky1 the Ogre Gladiator began the quest for the Orb.
     0 | D        | Reached XP level 1. HP: 22/22 MP: 1/1
    16 | D        | Noticed Jessica
    20 | D        | Killed Jessica
    21 | D        | Reached skill level 4 in Axes
    21 | D        | Reached XP level 2. HP: 17/32 MP: 2/2
    21 | D        | Reached XP level 3. HP: 20/39 MP: 3/3
   228 | D        | Reached skill level 5 in Axes
   241 | D        | Noticed Crazy Yiuf
   251 | D        | Killed Crazy Yiuf
   252 | D        | Reached skill level 5 in Dodging
   252 | D        | Reached XP level 4. HP: 28/49 MP: 4/4
   509 | D        | Noticed a water elemental
   514 | D        | Killed a water elemental
   515 | D        | Reached skill level 5 in Fighting
   515 | D        | Reached skill level 7 in Axes
   515 | D        | Reached skill level 1 in Stealth
   515 | D        | Reached XP level 5. HP: 34/57 MP: 5/5
   767 | D        | Noticed a shadow
   775 | D        | Killed a shadow
   776 | D        | Reached skill level 9 in Axes
   776 | D        | Reached XP level 6. HP: 29/68 MP: 6/6
  1003 | D        | Found a blossoming altar of Fedhas.
  1003 | D        | Found a stormy altar of Qazlal.
  1003 | D        | Found a snail-covered altar of Cheibriados.
  1003 | D        | Found a burning altar of Makhleb.
  1003 | D        | Found a shimmering altar of Xom.
  1003 | D        | Noticed a spatial vortex
  1004 | D        | Found a hazy altar of Hepliaklqana.
  1004 | D        | Found an opulent altar of Gozag.
  1004 | D        | Found a sparkling altar of Nemelex Xobeh.
  1004 | D        | Found a corrupted altar of Lugonu.
  1004 | D        | Found a viscous altar of Jiyva.
  1009 | D        | Became a worshipper of Gozag Ym Sagoz the Greedy
  1018 | D        | Killed a spatial vortex
  1019 | D        | Reached skill level 1 in Evocations
  1036 | D        | Found a basalt altar of Yredelemnul.
  1036 | D        | Found a shadowy altar of Dithmenos.
  1036 | D        | Found a sacrificial altar of Ru.
  1044 | D        | Reached skill level 10 in Axes
  1044 | D        | Reached XP level 7. HP: 75/78 MP: 7/7
  1218 | D        | Found a radiant altar of Vehumet.
  1218 | D        | Found a shimmering blue altar of Sif Muna.
  1218 | D        | Found an ancient bone altar of Kikubaaqudgha.
  1235 | D        | Learned a level 2 spell: Blink
  1241 | D        | Found a glowing silver altar of Zin.
  1241 | D        | Found a glowing golden altar of the Shining One.
  1241 | D        | Found a white marble altar of Elyvilon.
  1242 | D        | Noticed a deep elf pyromancer
  1246 | D        | Noticed a fire elemental
  1255 | D        | Noticed a fire elemental
  1255 | D        | Noticed a fire elemental
  1256 | D        | Killed a deep elf pyromancer
  1257 | D        | Reached skill level 12 in Axes
  1257 | D        | Reached skill level 5 in Evocations
  1257 | D        | Reached XP level 8. HP: 16/87 MP: 8/8
  1581 | D        | Found a hide-covered altar of Uskayaw.
  1581 | D        | Found an iron altar of Okawaru.
  1581 | D        | Found a bloodstained altar of Trog.
  1581 | D        | Found an ornate altar of the Wu Jian Council.
  1592 | D        | Reached skill level 13 in Axes
  1841 | D        | Noticed Erica
  1854 | D        | Killed Erica
  1855 | D        | Reached skill level 14 in Axes
  1855 | D        | Reached XP level 9. HP: 38/98 MP: 9/9
  2143 | D        | Mangled by an earth elemental

Illustrated notes

Levels and vault maps discovered:
D:        dungeon_sprint_mu [sprint_mu_entry_forest, sprint_mu_temple_rooms,
          sprint_mu_d1_horrors, sprint_mu_d2_genie, sprint_mu_d3_branching,
          sprint_mu_orc_legion, sprint_mu_elf_gauntlet, sprint_mu_hive_nellie,
          sprint_mu_lair_fedhas, sprint_mu_vaults_butterflies,
          sprint_mu_slime_circle, sprint_mu_shoals_archi,
          sprint_mu_snake_twists, sprint_mu_blade_basic,
          sprint_mu_crypt_fortress, sprint_mu_tomb_spiral,
          sprint_mu_vestibule_basic, sprint_mu_gehenna_hellfire,
          sprint_mu_dis_giant, sprint_mu_tartarus_statrot,
          sprint_mu_cocytus_islands, sprint_mu_zot1]

Skill      XL: |  1  2  3  4  5  6  7  8 |
---------------+-------------------------+-----
Dodging        | 4 5 6 7 |  7.3
Fighting       | 3 4 5 6 7 9 |  9.0
Axes           | 4 5 7 9 10 12 14 | 14.6
Throwing       | 3 4 |  4.4
Stealth        | 1 2 |  2.6
Evocations     | 2 5 6 |  6.9

Action                     |  1- 3 |  4- 6 |  7- 9 || total
---------------------------+-------+-------+-------++-------
  Melee: War axe           |    22 |    28 |    45 ||    95
  Throw: Throwing net      |     4 |       |       ||     4
         Large rock        |       |     2 |       ||     2
  Evoke: Tin of tremorston |       |       |     4 ||     4
         Wand              |       |       |     1 ||     1
    Use: Potion            |       |       |     3 ||     3
         Scroll            |       |       |     6 ||     6
   Stab: Held in net/web   |     3 |       |       ||     3
         Sleeping          |       |       |     1 ||     1
 Armour: Robe              |     1 |     1 |     4 ||     6
  Dodge: Dodged            |     9 |    13 |    15 ||    37

Table legend: (Time is in decaauts)
 A = Elapsed time spent in this place.
 B = Non-inter-level travel time spent in this place.
 C = Inter-level travel time spent in this place.
 D = Time resting spent in this place.
 E = Time spent auto-exploring this place.
 F = Levels seen in this place.
 G = Mean time per level.
                   A        B        C        D        E       F      G
               +--------+--------+--------+--------+--------+-----+--------+
         Total |   2159 |   2149 |     10 |   1739 |      0 |   1 | 2159.0 |
       Dungeon |   2159 |   2149 |     10 |   1739 |      0 |   1 | 2159.0 |
               +--------+--------+--------+--------+--------+-----+--------+

Top non-repeatable levels by time:
       D: 2159 daAuts
